 Dungeon Crawl Stone Soup version 0.19-a0-61-g4dc4c6e (console) character file.

210 Banquo the Chiller (level 5, -6/36 HPs)
             Began as a Merfolk Ice Elementalist on May 10, 2016.
             Mangled by an ogre
             ... wielding a +0 giant spiked club
              (19 damage)
             ... on level 4 of the Dungeon.
             The game lasted 00:14:31 (4026 turns).

Banquo the Chiller (Merfolk Ice Elementalist)       Turns: 4026, Time: 00:14:32

Health: -6/36      AC:  5    Str:  8    XL:     5   Next: 87%
Magic:  7/10       EV: 13    Int: 16    God:
Gold:   188        SH:  0    Dex: 14    Spells: 2 memorised, 7 levels left

rFire  + . .     SeeInvis .     a - +3 dagger (venom)
rCold  . . .     Gourm    .     i - +0 robe
rNeg   . . .     Faith    .     (no shield)
rPois  .         Spirit   .     C - +0 helmet
rElec  .         Dismiss  .     (no cloak)
rCorr  .         Reflect  .     t - +0 pair of gloves
SustAt .         Harm     .     q - +0 pair of boots
MR     .....                    (no amulet)
Stlth  ++........               (no ring)
                                u - ring of protection from fire

@: not resistant to hostile enchantments, unstealthy
A: change form in water, swift swim
a: no special abilities


You were on level 4 of the Dungeon.
You were not hungry.

You visited 1 branch of the dungeon, and saw 4 of its levels.

You collected 188 gold pieces.

Inventory:

Hand Weapons
 a - a +3 dagger of venom (weapon)
 e - a cursed -3 hunting sling
 j - a +0 club
 o - a +0 mace
 s - a +0 hunting sling
 x - a +0 spear
 y - a cursed -2 hunting sling
 I - a +2 dagger of venom
Missiles
 d - 181 stones (quivered)
 m - 14 poisoned needles
 D - 2 poisoned javelins
 J - 4 tomahawks
Armour
 i - a +0 robe (worn)
 q - a +0 pair of boots (worn)
 t - a +0 pair of gloves (worn)
 C - a +0 helmet (worn)
Jewellery
 u - a ring of protection from fire (left hand)
Wands
 v - a wand of disintegration (12/24)
Scrolls
 f - 3 scrolls of identify {unknown}
 g - a scroll of recharging {unknown}
 h - a scroll of teleportation {unknown}
 k - 2 scrolls of enchant armour {unknown}
 n - a scroll of blinking {unknown}
 p - a scroll of fog {unknown}
 F - a scroll of fear {unknown}
 H - a scroll of magic mapping {unknown}
Potions
 w - a potion of flight {unknown}
 z - a potion of resistance {unknown}
 B - a potion of might
 E - a potion of cancellation {unknown}
 G - a potion of curing
Books
 b - a book of Frost

   Spells                             Type                      Level
   a - Freeze                         Ice                          1
   b - Throw Frost                    Conjuration/Ice              2
   c - Ozocubu's Armour               Charms/Ice                   3
   d - Throw Icicle                   Conjuration/Ice              4
   e - Summon Ice Beast               Ice/Summoning                4
Comestibles
 c - 4 bread rations
 l - 4 fruits
 r - a meat ration
 A - 5 chunks of flesh


   Skills:
 + Level 0.9 Fighting
 * Level 0.4 Polearms
 + Level 3.6 Dodging
 - Level 2.1 Stealth
 * Level 3.9 Spellcasting
   Level 0.7 Conjurations
 * Level 4.9 Ice Magic


You had 7 spell levels left.
You knew the following spells:

 Your Spells              Type           Power        Failure   Level  Hunger
a - Freeze                Ice            ###.         2%          1    None
o - Ozocubu's Armour      Chrm/Ice       ##......     21%         3    ###....


Dungeon Overview and Level Annotations

Branches:
Dungeon (4/15)
 Temple: D:4-7

Altars:


Message History

You freeze the ogre.
The ogre is moderately wounded.
Casting: Freeze
Confirm with . or Enter, or press ? or * to list all spells.
Aiming: Freeze
Press: ? - help, Shift-Dir - straight line, f/p - ogre
Aim: an ogre, wielding a giant spiked club (moderately wounded, poisoned)
You freeze the ogre.
The ogre is severely wounded.
The ogre barely misses you.
Casting: Freeze
Confirm with . or Enter, or press ? or * to list all spells.
Aiming: Freeze
Press: ? - help, Shift-Dir - straight line, f/p - ogre
Aim: an ogre, wielding a giant spiked club (severely wounded, poisoned)
You freeze the ogre.
The ogre is almost dead.
The ogre hits you with a giant spiked club!!
Ouch! That really hurt!
You die...

....#. ....#
....## #...##
#....##
#.<..###
##.....##
#.$....##
#...@O..#
...........#
............#
............#
.....?......#
............#
............#
...........#


You could see an ogre.

Vanquished Creatures
  An orc priest (D:2)
  Ijyb (D:2)
  An orc wizard (D:3)
  Terence (D:2)
  Robin (D:3)
  An ooze (D:2)
  A worm (D:2)
  2 dart slugs (D:1)
  3 giant geckos
  6 orcs (D:3)
  2 giant cockroaches
  22 goblins
  6 hobgoblins
  3 jackals (D:3)
  A quokka (D:2)
  6 bats
  2 giant newts
  3 kobolds
  6 rats
69 creatures vanquished.

Notes
Turn   | Place    | Note
--------------------------------------------------------------
     0 | D:1      | Banquo the Merfolk Ice Elementalist began the quest for the Orb.
     0 | D:1      | Reached XP level 1. HP: 13/13 MP: 3/3
   329 | D:1      | Reached XP level 2. HP: 13/19 MP: 0/5
  1121 | D:2      | Noticed Terence
  1133 | D:2      | Killed Terence
  1133 | D:2      | Reached skill level 4 in Ice Magic
  1133 | D:2      | Reached XP level 3. HP: 17/24 MP: 0/6
  1152 | D:1      | Learned a level 3 spell: Ozocubu's Armour
  1621 | D:2      | Noticed Ijyb
  1635 | D:2      | Killed Ijyb
  1635 | D:2      | Reached XP level 4. HP: 13/31 MP: 1/8
  2904 | D:3      | Noticed Robin
  2926 | D:3      | Reached XP level 5. HP: 36/36 MP: 9/9
  2990 | D:3      | Killed Robin
  4017 | D:4      | Noticed an ogre
  4026 | D:4      | Mangled by an ogre

Vault maps used:
D:1:      minmay_arrival_cross
D:2:      uniq_terence, uniq_iyjb
D:3:      kennysheep_goblin_castle
D:4:      overflow_temple_1_default, serial_shops, shop, first_bread,
          serial_bayou_pond_d, minmay_misc_feat_iff, uniq_duvessa, uniq_purgy,
          uniq_pikel, uniq_sigmund

Skill      XL: |  1  2  3  4 |
---------------+-------------+-----
Dodging        | 3 |  3.6
Ice Magic      | 4 |  4.9
Spellcasting   | 3 |  3.9
Fighting       | |  0.9
Polearms       | |  0.4
Stealth        | |  2.1
Conjurations   | |  0.7

Action                   |  1- 3 |  4- 6 || total
-------------------------+-------+-------++-------
Melee: Club              |    14 |       ||    14
       Dagger            |    15 |    67 ||    82
       Tailslap          |       |     2 ||     2
Throw: Stone             |       |     2 ||     2
 Cast: Freeze            |    40 |    48 ||    88
 Stab: Sleeping          |     2 |     4 ||     6
  Eat: Chunk             |     3 |     7 ||    10
Armor: Robe              |    10 |    17 ||    27
Dodge: Dodged            |    38 |    73 ||   111
